 Dungeon Crawl Stone Soup version 0.27-a0-1529-g1e82c303ef (webtiles) character file.

Game seed: 16875620220893481363

91970 RogueFanUK the Eclecticist (level 15, -6/107 HPs)
             Began as a Pale Draconian Conjurer on July 12, 2021.
             Was a High Priest of Vehumet.
             Killed from afar by a blizzard demon (25 damage)
             ... with a bolt of lightning
             ... summoned by a deep elf demonologist
             ... on level 1 of the Elven Halls.
             The game lasted 02:32:08 (28381 turns).

RogueFanUK the Eclecticist (DrCj)                  Turns: 28381, Time: 02:32:09

Health: -6/107     AC: 17    Str: 11    XL:     15   Next: 56%
Magic:  49/53      EV: 14    Int: 37    God:    Vehumet [*****.]
Gold:   1999       SH:  0    Dex: 10    Spells: 13/45 levels left

rFire    . . .     SeeInvis .   E - +7 flail of Integrity {vorpal, Int+3}
rCold    . . .     Faith    .   (no shield)
rNeg     . . .     Spirit   .   (armour unavailable)
rPois    .         Reflect  .   Z - +3 hat of Pondering {ponderous, Will+ MP+10 Int+5}
rElec    .         Harm     .   p - +2 cloak
rCorr    .         Rampage  .   R - +0 pair of gloves
Will     ++...                  S - +0 pair of boots
Stlth    +++.......             T - amulet of magic regeneration
HPRegen  0.27/turn              K - ring of magical power
MPRegen  0.58/turn              C - +6 ring of intelligence

@: short of breath, slow
A: breathe steam, AC +9, unfitting armour, cold-blooded, steam resistance
a: Breathe Steam, Renounce Religion


You were on level 1 of the Elven Halls.
You worshipped Vehumet.
Vehumet was extremely pleased with you.
You visited 5 branches of the dungeon, and saw 22 of its levels.
You also visited: Sewer and Bailey.

You collected 2397 gold pieces.
You spent 398 gold pieces at shops.

Inventory:

Hand Weapons
 c - the +6 mace of Turmoil {pain, rPois rCorr Dex+4 Stlth+}
   (You found it on level 4 of the Lair of Beasts)

   In the hands of one skilled in necromantic magic, it inflicts extra damage on
   living creatures.
   Dex:       It affects your dexterity (+4).
   rPois:     It protects you from poison.
   rCorr:     It protects you from acid and corrosion.
   Stlth:     It makes you more stealthy.
 E - the +7 flail of Integrity (weapon) {vorpal, Int+3}
   (You found it on level 7 of the Dungeon)

   It inflicts extra damage upon your enemies.
   Int:       It affects your intelligence (+3).
 G - the +10 long sword of Righteous Fury {drain, Dex+7}
   (You found it in a bailey)

   A truly terrible weapon, it drains the life of those it strikes.
   Dex:       It affects your dexterity (+7).
 H - the +8 rapier of Wyrd {vorpal, Fragile rElec Str+2 Int+3}
   (You found it on level 1 of the Lair of Beasts)

   It inflicts extra damage upon your enemies.
   Str:       It affects your strength (+2).
   Int:       It affects your intelligence (+3).
   rElec:     It insulates you from electricity.
   Fragile:   It will be destroyed if unequipped.
Missiles
 f - 13 javelins (quivered)
 i - 99 poisoned darts
 n - 12 atropa-tipped darts
 y - 4 throwing nets
 A - 5 datura-tipped darts
 W - a curare-tipped dart
Armour
 p - a +2 cloak (worn)
 R - a +0 pair of gloves (worn)
 S - a +0 pair of boots (worn)
 Z - the +3 hat of Pondering (worn) {ponderous, Will+ MP+10 Int+5}
   (You took it off Gastronok on level 11 of the Dungeon)

   Int:       It affects your intelligence (+5).
   MP:        It affects your magic capacity (+10).
   Will:      It increases your willpower.
Jewellery
 j - a ring of protection from fire
 z - an amulet of reflection
 C - a +6 ring of intelligence (right hand)
 K - a ring of magical power (left hand)
 T - an amulet of magic regeneration (around neck)
 V - the ring "Xauxung" {rCorr Dex+3}
   (You found it on level 9 of the Dungeon)

   [ring of resist corrosion]

   Dex:       It affects your dexterity (+3).
   rCorr:     It protects you from acid and corrosion.
 X - the ring of Satisfaction {rElec Will+ Slay+4}
   (You found it on level 6 of the Lair of Beasts)

   [ring of slaying]

   Slay:      It affects your accuracy & damage with ranged weapons and melee
   (+4).
   rElec:     It insulates you from electricity.
   Will:      It increases your willpower.
Wands
 g - a wand of digging (14)
 h - a wand of charming (26)
 m - a wand of flame (118)
 o - a wand of mindburst (17)
 J - a wand of paralysis (15)
 Q - a wand of iceblast (11)
 U - a wand of polymorph (6)
 Y - a wand of acid (13)
Scrolls
 a - 10 scrolls of teleportation
 l - 2 scrolls of identify
 q - a scroll of torment {unknown}
 t - 4 scrolls of fog
 u - 2 scrolls of enchant weapon {unknown}
 v - a scroll of silence {unknown}
 x - 3 scrolls of magic mapping
 B - 3 scrolls of acquirement {unknown}
 D - 4 scrolls of fear
 M - 3 scrolls of enchant armour {unknown}
 N - 2 scrolls of blinking {unknown}
 P - a scroll of amnesia {unknown}
Potions
 b - 2 potions of heal wounds
 d - 8 potions of curing
 e - 3 potions of ambrosia
 r - 2 potions of haste
 s - 2 potions of magic
 w - a potion of invisibility
 F - 3 potions of cancellation
 I - a potion of resistance
 L - 4 potions of flight
Miscellaneous
 k - a condenser vane
 O - a box of beasts


   Skills:
 + Level 3.1 Fighting
 + Level 6.8 Dodging
 + Level 6.7 Stealth
 + Level 3.5 Shields
 + Level 1.3 Unarmed Combat
 + Level 15.6 Spellcasting
 + Level 15.4 Conjurations
 + Level 8.1 Translocations
 + Level 2.5 Fire Magic
 + Level 8.1 Air Magic
 + Level 1.9 Earth Magic
 + Level 2.2 Evocations


You had 13 spell levels left.
You knew the following spells:

 Your Spells              Type           Power      Damage    Failure   Level
a - Magic Dart            Conj           100%       1d8       0%          1
b - Searing Ray           Conj           100%       3d7       0%          2
c - Iskenderun's Mystic   Conj/Tloc      86%        2d17      1%          4
d - Blink                 Tloc           N/A        N/A       1%          2
e - Ignite Poison         Fire/Tmut/Pois 35%        N/A       1%          3
f - Hailstorm             Conj/Ice       72%        3d15      1%          4
g - Airstrike             Air            36%        N/A       1%          4
h - Swiftness             Air            73%        N/A       1%          3
i - Olgreb's Toxic Radia  Pois           29%        N/A       3%          4
j - Bolt of Magma         Conj/Fire/Erth 33%        4d15      1%          5

Your spell library contained the following spells:

 Spells                   Type           Power      Damage    Failure   Level
 Yara's Violent Unravell  Hex/Tmut       14%        3d7       10%         5
 Shock                    Conj/Air       100%       1d9       0%          1
 Animate Skeleton         Necr           56%        N/A       1%          1
 Pain                     Necr           100%       1d9       1%          1
 Call Imp                 Summ           28%        N/A       1%          2
 Slow                     Hex            28%        N/A       1%          2
 Conjure Flame            Conj/Fire      77%        6-21      1%          3
 Dazzling Flash           Conj/Hex       100%       N/A       1%          3
 Mephitic Cloud           Conj/Pois/Air  72%        N/A       1%          3
 Fulminant Prism          Conj/Hex       36%        3d18      1%          4
 Sticky Flame             Conj/Fire      77%        2d9       1%          4
 Manifold Assault         Tloc           73%        N/A       1%          5
 Confusing Touch          Hex            28%        N/A       3%          3
 Ozocubu's Armour         Ice            28%        N/A       3%          3
 Vampiric Draining        Necr           14%        2d8       3%          3
 Silence                  Hex/Air        28%        N/A       6%          5
 Summon Forest            Summ/Tloc      28%        N/A       6%          5
 Borgnjor's Vile Clutch   Necr/Erth      18%        N/A       22%         5
 Alistair's Intoxication  Tmut/Pois      19%        N/A       32%         5
 Agony                    Necr           28%        N/A       34%         5
 Summon Mana Viper        Hex/Summ       28%        N/A       34%         5
 Eringya's Noxious Bog    Tmut/Pois      14%        N/A       41%         6
 Shadow Creatures         Summ           N/A        N/A       88%         6
 Storm Form               Tmut/Air       28%        N/A       89%         7
 Ozocubu's Refrigeration  Ice            14%        4d7       92%         7


Dungeon Overview and Level Annotations

Branches:
Dungeon (11/15)            Temple (1/1) D:7            Lair (6/6) D:10
 Shoals (0/4) Lair:3        Snake (0/4) Lair:3        Slime (0/5) Lair:5
    Orc (2/2) D:11            Elf (2/3) Orc:2         Sewer (visited)
 Bailey (visited)

Altars:
Ashenzari
Cheibriados
Dithmenos
Elyvilon
Fedhas
Gozag
Hepliaklqana
Kikubaaqudgha
Makhleb
Nemelex Xobeh
Okawaru
Qazlal
Ru
Sif Muna
Trog
Uskayaw
Vehumet
Wu Jian
Xom
Yredelemnul
Zin
The Shining One
Beogh
Jiyva
Lugonu

Shops:
D:2 (   D:4 [   D:7 =   D:8 ?*!*   D:11 *(   Orc:1 =[   Orc:2 *:**   Elf:1 *

Portals:
Hell: Lair:6
Abyss: Lair:2


Innate Abilities, Weirdness & Mutations

You can breathe blasts of scalding, opaque steam.
Your pale cyan-grey scales are hard. (AC +9)
You cannot fit into any form of body armour.
You are cold-blooded and may be slowed by cold attacks.
You are immune to the effects of steam.


Message History

The deep elf pyromancer blinks!
The deep elf high priest calls down the wrath of its god upon you.
Something smites you!
* * * LOW HITPOINT WARNING * * *
Unknown command.
Casting: Ignite Poison (safe; 1% risk of failure)
Confirm with . or Enter, or press ? or * to list all spells.
You erupt in a blast of force!
The mystic blast hits the fire elemental!!
The fire elemental is almost destroyed.
The fire elemental is knocked back by the mystic blast.
The mystic blast hits the deep elf archer!
The deep elf archer is heavily wounded.
The deep elf archer is knocked back by the mystic blast.
The deep elf archer collides with the deep elf high priest!
The mystic blast hits the deep elf demonologist!!
The deep elf demonologist is heavily wounded.
The deep elf demonologist is knocked back by the mystic blast.
The mystic blast hits the deep elf pyromancer!
You kill the deep elf pyromancer!
Vehumet accepts your kill.
You feel your power returning.
The fire elemental disappears in a puff of smoke!
The mystic blast hits the deep elf high priest!!
You kill the deep elf high priest!
Vehumet accepts your kill.
You feel your power returning.
The deep elf demonologist mumbles some strange words.
The deep elf archer wields a +0 longbow.
The deep elf archer shoots an arrow.
The arrow hits you but does no damage.
Press: ? - help, Shift-Dir - straight line, f - deep elf archer
Aim: a deep elf archer, wielding a +0 longbow, wearing a +0 leather armour and quivering arrows (severely wounded, spells empowered, repelling missiles)
You exhale a blast of scalding steam.
The ball of steam hits the deep elf archer!
The deep elf archer is almost dead.
The deep elf demonologist gestures at you while chanting.
You easily resist.
The blizzard demon gestures at you. The bolt of lightning hits you!!
You die...

.# ##..# ####.# .#
#.###..#..#..#####.#
.########.##8...$$2
.8#....# .##.......#
8..))....8######
.##.##....###.e#e.#..##
.##.##.##.##8e§..)))?8#
.##.##.##..# ..§))...8
.##.##.##.###++§').++##
.##.##.##.# #...@.).$.#
....##.##.# ###...#..##
###.......#####...#.##
....##.............#
####################


You could see a blizzard demon (summoned), a deep elf demonologist (empowered),
a deep elf archer (empowered, repels missiles) and a deep elf high priest
(brilliance aura).

Vanquished Creatures
  Saint Roka (Elf:2)
  Gastronok (D:11)
  A deep elf elementalist (Elf:1)
  Snorg (D:11)
  The ghost of p0werm0de the Fighter, a journeyman MiCK of Xom (D:11)
  A deep elf high priest (Elf:1)
  Erolcha (D:10)
  2 boulder beetles
  Harold (D:8)
  3 hydras
  Erica (D:9)
  4 two-headed ogres
  9 death yaks
  9 orc high priests
  Urug (D:10)
  The ghost of Deep1 the Thaumaturge, a journeyman DECj of Sif Muna (Orc:2)
  A sun demon (Lair:6)
  3 deep elf knights (Elf:1)
  Pikel (D:8)
  6 deep elf archers
  10 deep elf pyromancers (Elf:1)
  A wizard (Lair:6)
  3 orc knights
  12 deep elf zephyrmancers (Elf:1)
  2 orc sorcerers
  2 oklob plants
  3 elephants (Lair:4)
  A manticore (D:11)
  Maurice (D:8)
  3 spectral centaurs (D:11)
  3 black mambas
  10 cane toads
  An orange demon (Lair:6)
  A smoke demon (Lair:6)
  Maggie (D:6)
  2 torpor snails (Lair:3)
  Psyche (D:8)
  11 komodo dragons
  8 rime drakes
  4 ice devils (Lair:6)
  3 trolls
  Prince Ribbit (D:8)
  6 polar bears
  10 blink frogs
  20 dream sheep
  2 centaur simulacra (D:11)
  An air elemental (Elf:1)
  2 wraiths (D:11)
  54 yaks
  A vampire (D:11)
  Grum (D:9)
  2 wyverns
  2 steam dragons
  A fire elemental (Elf:1)
  4 basilisks
  8 wargs
  2 acid dragons
  19 water moccasins
  4 hell hounds (Lair:6)
  Purgy (Sewer)
  An ice beast (D:5)
  21 orc warriors
  A swamp drake (D:11)
  6 ogres
  A sky beast (D:7)
  4 black bears
  4 necrophages
  3 wolves (D:9)
  A lemure (D:8)
  2 centaurs
  2 kobold brigands
  14 bullfrogs
  An earth elemental (Elf:1)
  A gnoll sergeant (Orc:1)
  3 scorpions
  A water moccasin zombie (D:5)
  A water moccasin skeleton (D:5)
  8 wights
  2 howler monkeys
  6 electric eels
  7 centaur zombies
  3 hounds
  45 orc priests
  4 jellies (Lair:3)
  Crazy Yiuf (D:3)
  14 orc wizards
  Natasha (thrice) (D:3)
  12 iguanas
  Ijyb (D:3)
  A hell rat (Lair:6)
  3 killer bee zombies
  A hound skeleton (D:5)
  A mummy (D:5)
  2 howler monkey skeletons (D:4)
  12 adders
  15 gnolls
  2 worms (D:6)
  6 dart slugs
  87 orcs
  5 bats (D:2)
  19 endoplasms
  3 giant cockroaches
  13 goblins
  13 hobgoblins
  5 jackals
  31 kobolds
  3 quokkas
  7 ball pythons
  17 frilled lizards
  10 rats
  2 lurking horrors (Lair:2)
704 creatures vanquished.

Vanquished Creatures (others)
  44 fungi
  37 plants
81 creatures vanquished.

Grand Total: 785 creatures vanquished

Notes
Turn   | Place    | Note
-------+----------+-------------------------------------------
     0 | D:1      | RogueFanUK the Draconian Conjurer began the quest for the
                  | Orb.
     0 | D:1      | Reached XP level 1. HP: 14/14 MP: 3/3
   369 | D:1      | Reached XP level 2. HP: 20/20 MP: 1/5
   372 | D:1      | Learned a level 2 spell: Searing Ray
  1358 | D:2      | Reached XP level 3. HP: 26/26 MP: 1/6
  1502 | D:2      | Found a faded altar of an unknown god.
  1512 | D:2      | Found Kahupn's Antique Weapon Shop.
  1806 | D:2      | Reached skill level 5 in Conjurations
  1876 | D:2      | Reached XP level 4. HP: 33/33 MP: 5/7
  2457 | D:3      | Noticed Natasha
  2460 | D:3      | Killed Natasha
  2673 | D:3      | Found a burning altar of Makhleb.
  3225 | D:3      | Noticed Natasha
  3228 | D:3      | Killed Natasha
  3229 | D:3      | Reached XP level 5. HP: 38/38 MP: 5/9
  3279 | D:3      | Found a runed translucent door.
  3280 | D:3      | Noticed Crazy Yiuf
  3288 | D:3      | Killed Crazy Yiuf
  3512 | D:3      | Noticed Natasha
  3514 | D:3      | Killed Natasha
  3561 | D:3      | Noticed Ijyb
  3570 | D:3      | Killed Ijyb
  3879 | D:4      | Noticed a black bear
  3886 | D:4      | Killed a black bear
  3887 | D:4      | Reached XP level 6. HP: 43/45 MP: 1/11
  4320 | D:4      | Found Votegrul's Antique Armour Boutique.
  4566 | D:4      | Your scales start taking on a pale cyan-grey colour.
  4566 | D:4      | Reached XP level 7. HP: 50/50 MP: 6/13
  4566 | D:4      | Gained mutation: You are immune to the effects of steam.
                  | [Pale Draconian growth]
  5381 | D:5      | Entered Level 5 of the Dungeon
  5542 | D:5      | Found an opulent altar of Gozag.
  5575 | D:5      | Reached skill level 5 in Spellcasting
  5713 | D:5      | Reached XP level 8. HP: 57/57 MP: 14/16
  5891 | D:5      | Found a snail-covered altar of Cheibriados.
  5980 | D:5      | Found a sacrificial altar of Ru.
  6024 | D:5      | Found an ancient bone altar of Kikubaaqudgha.
  6651 | D:6      | Reached XP level 9. HP: 63/63 MP: 10/19
  6705 | D:6      | Reached skill level 1 in Fighting
  6836 | D:6      | Found a glowing drain.
  6869 | Sewer    | Entered a sewer
  6939 | Sewer    | Noticed Purgy
  6943 | Sewer    | Killed Purgy
  6944 | Sewer    | Reached skill level 5 in Stealth
  7432 | D:6      | Noticed Maggie
  7440 | D:6      | Killed Maggie
  8003 | D:7      | Found a glowing golden altar of the Shining One.
  8030 | D:7      | Identified the +7 flail of Integrity {vorpal, Int+3}
  8040 | D:7      | Found a flagged portal.
  8133 | Bailey   | Entered a bailey
  8313 | Bailey   | Noticed an orc knight
  8347 | Bailey   | Killed an orc knight
  8348 | Bailey   | Reached XP level 10. HP: 36/72 MP: 15/22
  8526 | Bailey   | Identified the +6 battleaxe "Jebihogh" {vorpal, Dex+6
                  | Stlth+}
  8552 | Bailey   | Identified the +10 long sword of Righteous Fury {drain,
                  | Dex+7}
  8636 | D:7      | Found a hazy altar of Hepliaklqana.
  8683 | D:7      | Found Cuiwuak's Jewellery Boutique.
  8714 | D:7      | Bought a ring of magical power for 260 gold pieces
  8767 | D:7      | Found a staircase to the Ecumenical Temple.
  9171 | Temple   | Entered the Ecumenical Temple
  9530 | D:8      | Found Aguluec's Assorted Antiques.
  9533 | D:8      | Bought a scroll of identify for 46 gold pieces
  9569 | D:8      | Found Fulullef's Magic Scroll Shop.
  9577 | D:8      | Bought a scroll of identify for 20 gold pieces
  9577 | D:8      | Bought a scroll of identify for 20 gold pieces
  9587 | D:8      | Noticed Pikel
  9612 | D:8      | Killed Pikel
  9613 | D:8      | Reached skill level 10 in Conjurations
  9640 | D:8      | Found Fuguthre's Assorted Antiques.
  9668 | D:8      | Found Reday's Distillery.
  9695 | D:8      | Found a blossoming altar of Fedhas.
  9840 | D:8      | Found a burning altar of Makhleb.
  9851 | D:8      | Reached skill level 1 in Shields
  9856 | D:8      | Learned a level 4 spell: Iskenderun's Mystic Blast
 10005 | D:8      | Noticed Prince Ribbit
 10008 | D:8      | Killed Prince Ribbit
 10009 | D:8      | Reached skill level 5 in Dodging
 10040 | D:8      | Noticed Maurice
 10120 | D:8      | Killed Maurice
 10143 | D:8      | Noticed Psyche
 10151 | D:8      | Killed Psyche
 10293 | D:8      | Noticed a two-headed ogre
 10301 | D:8      | Killed a two-headed ogre
 10325 | D:8      | Noticed Harold
 10349 | D:8      | Killed Harold
 10350 | D:8      | Reached skill level 1 in Evocations
 10350 | D:8      | Reached XP level 11. HP: 80/80 MP: 18/24
 10558 | D:9      | Noticed a two-headed ogre
 10585 | D:9      | Killed a two-headed ogre
 10586 | D:9      | Reached skill level 10 in Spellcasting
 10900 | D:9      | Noticed a two-headed ogre
 10909 | D:9      | Killed a two-headed ogre
 10986 | D:9      | Reached skill level 1 in Translocations
 11153 | D:9      | Noticed Erica
 11368 | D:9      | Noticed Grum
 11390 | D:9      | Killed Grum
 11749 | D:9      | Killed Erica
 11852 | D:9      | Identified the ring "Xauxung" {rCorr Dex+3}
 12208 | D:10     | Entered Level 10 of the Dungeon
 12358 | D:10     | Identified the amulet of Doors {Acrobat Will++ Str+7 Int-2}
 12373 | D:10     | Noticed Erolcha
 12380 | D:10     | Killed Erolcha
 12448 | D:10     | Noticed Urug
 12467 | D:10     | Killed Urug
 12875 | D:10     | Reached skill level 1 in Unarmed Combat
 13339 | D:10     | Found a staircase to the Lair.
 13346 | D:10     | Reached XP level 12. HP: 88/88 MP: 27/27
 13588 | D:10     | Found a radiant altar of Vehumet.
 13596 | D:10     | Became a worshipper of Vehumet
 13638 | D:10     | Identified the +12 chain mail of the Komodo Dragon {rN++
                  | Int+3 Dex-2 Stlth+}
 13720 | Lair:1   | Entered Level 1 of the Lair of Beasts
 13913 | Lair:1   | Noticed a five-headed hydra
 13926 | Lair:1   | Killed a five-headed hydra
 14540 | Lair:1   | Identified the +4 spear "Hacyeni" {speed, Dex+7}
 14612 | Lair:1   | Identified the +8 rapier of Wyrd {vorpal, Fragile rElec
                  | Str+2 Int+3}
 15040 | Lair:2   | Found a one-way gate to the infinite horrors of the Abyss.
 15080 | Lair:2   | Reached * piety under Vehumet
 15080 | Lair:2   | Offered knowledge of Sandblast by Vehumet.
 15352 | Lair:2   | Found a corrupted altar of Lugonu.
 15518 | Lair:2   | Noticed a five-headed hydra
 15553 | Lair:2   | Killed a five-headed hydra
 15724 | Lair:2   | Learned a level 2 spell: Blink
 16746 | Lair:3   | Reached skill level 5 in Translocations
 16753 | Lair:3   | Offered knowledge of Static Discharge by Vehumet.
 16857 | Lair:3   | Found a staircase to the Snake Pit.
 17088 | Lair:3   | Reached ** piety under Vehumet
 17121 | Lair:3   | Reached XP level 13. HP: 94/94 MP: 29/29
 17226 | Lair:3   | Found a staircase to the Shoals.
 17788 | Lair:3   | Offered knowledge of Ignite Poison by Vehumet.
 17794 | Lair:3   | Learned a level 3 spell: Ignite Poison
 18050 | Lair:4   | Reached *** piety under Vehumet
 18207 | Lair:4   | Offered knowledge of Conjure Flame by Vehumet.
 18848 | Lair:4   | Reached **** piety under Vehumet
 18930 | Lair:4   | Identified the +6 mace of Turmoil {pain, rPois rCorr Dex+4
                  | Stlth+}
 19460 | Lair:5   | Found a staircase to the Slime Pits.
 19461 | Lair:5   | Found a viscous altar of Jiyva.
 20008 | Lair:5   | Offered knowledge of Hailstorm by Vehumet.
 20014 | Lair:5   | Learned a level 4 spell: Hailstorm
 20388 | Lair:5   | Learned a level 4 spell: Airstrike
 20689 | Lair:6   | Entered Level 6 of the Lair of Beasts
 20802 | Lair:6   | Reached skill level 1 in Air Magic
 20803 | Lair:6   | Reached XP level 14. HP: 102/102 MP: 25/31
 20954 | Lair:6   | Learned a level 3 spell: Swiftness
 21725 | Lair:6   | Found a burning altar of Makhleb.
 21765 | Lair:6   | Reached ***** piety under Vehumet
 21767 | Lair:6   | Offered knowledge of Olgreb's Toxic Radiance by Vehumet.
 22236 | Lair:6   | Found a gateway to Hell.
 22243 | Lair:6   | Identified the ring of Satisfaction {rElec Will+ Slay+4}
 22641 | D:11     | Found Qothau Arame's Weapon Shoppe.
 22720 | D:11     | Found a runed translucent gate.
 22720 | D:11     | Found a runed translucent gate.
 22720 | D:11     | Found a runed translucent gate.
 22721 | D:11     | Noticed p0werm0de's ghost (journeyman MiCK)
 22740 | D:11     | Reached skill level 15 in Conjurations
 22996 | D:11     | Killed p0werm0de's ghost
 23340 | D:11     | Found Hoann's Hallowed Reliquary.
 23340 | D:11     | Noticed an angel
 23390 | D:11     | Found a staircase to the Orcish Mines.
 23447 | D:11     | Noticed Gastronok
 23473 | D:11     | Killed Gastronok
 23934 | D:11     | Noticed Snorg
 23945 | D:11     | Killed Snorg
 23985 | D:11     | Learned a level 4 spell: Olgreb's Toxic Radiance
 24485 | Orc:1    | Entered Level 1 of the Orcish Mines
 24495 | Orc:1    | Found Caocy's Jewellery Shoppe.
 24690 | Orc:1    | Found Serchoih's Armour Emporium.
 24703 | Orc:1    | Reached skill level 5 in Air Magic
 25155 | Orc:2    | Entered Level 2 of the Orcish Mines
 25487 | Orc:2    | Learned a level 5 spell: Bolt of Magma
 25734 | Orc:2    | Offered knowledge of Yara's Violent Unravelling by Vehumet.
 25964 | Orc:2    | Found Nulezey Ronn's General Store.
 25964 | Orc:2    | Found Toumo's General Store.
 25969 | Orc:2    | Bought a scroll of identify for 26 gold pieces
 26030 | Orc:2    | Bought a scroll of identify for 26 gold pieces
 26135 | Orc:2    | Found a runed translucent door.
 26141 | Orc:2    | Noticed Deep1's ghost (journeyman DECj)
 26151 | Orc:2    | Killed Deep1's ghost
 26226 | Orc:2    | Found a staircase to the Elven Halls.
 26472 | Orc:2    | Found Goihagel's Book Shop.
 26472 | Orc:2    | Found Gequ's General Store.
 26954 | Elf:1    | Entered Level 1 of the Elven Halls
 26968 | Elf:1    | Reached XP level 15. HP: 107/107 MP: 33/33
 27219 | Elf:1    | You fall into a shaft and drop 1 floor!
 27223 | Elf:2    | Noticed Saint Roka
 27235 | Elf:2    | Killed Saint Roka
 27236 | Elf:2    | Reached skill level 15 in Spellcasting
 27255 | Elf:2    | Reached skill level 1 in Fire Magic
 27442 | Elf:1    | Found Taxy Pih's General Store.
 27460 | Elf:1    | Reached skill level 1 in Earth Magic
 28381 | Elf:1    | Killed from afar by a blizzard demon

Illustrated notes

Levels and vault maps discovered:
D:1:      dpeg_arrival_rooms_b, layout_loops_ring
D:2:      layout_rooms, serial_shops, shop, ebering_ecumenical_altar_mist,
          minmay_joined_circles, uniq_robin
D:3:      layout_loops_ring, mainiacjoe_overflow_cross_hatched, uniq_natasha,
          uniq_ijyb, uniq_crazy_yiuf_cottage
D:4:      layout_layer_cave, serial_shops, nicolae_shop_trees
D:5:      layout_basic, mainiacjoe_overflow_six_doors_small,
          kiku_gazebo_pond_becter, slow_altar_1, lemuel_doored_altar
D:6:      wad_lake_hut, layout_basic, cheibrodos_sewer_entry_bend, uniq_maggie
D:7:      layout_loops_ring, kennysheep_little_box,
          mainiacjoe_overflow_concentric_impassable,
          minmay_temple_entry_statues_pillars, enter_bailey_6, serial_shops,
          kennysheep_mini, lightli_corner_chamber
D:8:      layout_loops_cross, mainiacjoe_overflow_catwalk, serial_shops, shop,
          shop, shop, kennysheep_mini_moat, grunt_decor_junction,
          minmay_ruined_shrine, uniq_harold, uniq_pikel, uniq_psyche,
          uniq_prince_ribbit1, uniq_maurice
D:9:      layout_basic, minmay_fractal_squares_gapless_5, uniq_erica, uniq_grum
D:10:     layout_roguey, mainiacjoe_overflow_paths, erik_lair_dragon,
          uniq_erolcha, uniq_urug
D:11:     lemuel_reptile_caves, layout_stronghold, david_orc_3, serial_shops,
          nicolae_lakefront_shop, gammafunk_ghost_necromancy, nicolae_good_shop,
          uniq_gastronok, uniq_snorg
Temple:   nicolae_temple_figure_eight
Lair:1:   layout_hall_layers, grunt_megastairs_4, infiniplex_staircase_pool,
          serial_bayou_shore_b
Lair:2:   layout_cave_pods, amcnicky_altar_lugonu_corruption
Lair:3:   lemuel_slime, layout_regular_city, shoals_dummy_entry,
          dummy_snake_entry
Lair:4:   layout_small_grid, nicolae_quartered_pool_little, grunt_megastairs_3
Lair:5:   layout_cave_pods, slime_altar_1, serial_bayou_shore_a
Lair:6:   evil_forest, layout_loops_ring, eino_small_chamber_without_monster,
          infiniplex_staircase_pool_2
Orc:1:    nicolae_orc_accident_2, layout_caves, serial_shops, shop,
          nicolae_shop_trees, shop, shop_statue
Orc:2:    st_orc_town, layout_diamond_mine, ebering_ghost_reflecting_pool,
          minmay_orc_temple_b
Elf:1:    eino_elf_arrival_customs, layout_loops_ring, serial_shops, shop,
          orc_legates
Elf:2:    layout_gridlike, ebering_ghost_disaster_area, serial_shops,
          shop_fountains, uniq_saint_roka, uniq_asterion

Skill      XL: |  1  2  3  4  5  6  7  8  9 10 11 12 13 14 15 |
---------------+----------------------------------------------+-----
Stealth        | 2 3 4 5 6 |  6.7
Dodging        | 2 3 4 5 6 |  6.8
Conjurations   | 5 6 7 8 9 11 12 13 14 15 | 15.4
Spellcasting   | 3 4 5 6 8 9 11 12 13 14 15 | 15.6
Fighting       | 1 2 3 |  3.1
Shields        | 1 2 3 |  3.5
Evocations     | 1 2 |  2.2
Translocations | 2 5 6 7 8 |  8.1
Unarmed Combat | 1 |  1.3
Air Magic      | 1 6 8 |  8.1
Fire Magic     | 2 |  2.5
Earth Magic    | 1 |  1.9

Action                   |  1- 3 |  4- 6 |  7- 9 | 10-12 | 13-15 || total
-------------------------+-------+-------+-------+-------+-------++-------
Melee: Quarterstaff      |       |     5 |       |       |       ||     5
       Unarmed           |       |       |       |     4 |       ||     4
 Cast: Magic Dart        |    38 |    56 |    41 |    65 |    33 ||   233
       Searing Ray       |    14 |    28 |    30 |    51 |    61 ||   184
       Iskenderun's Myst |       |       |       |    58 |   175 ||   233
       Airstrike         |       |       |       |       |   230 ||   230
       Bolt of Magma     |       |       |       |       |    41 ||    41
       Olgreb's Toxic Ra |       |       |       |       |     2 ||     2
       Ignite Poison     |       |       |       |       |     2 ||     2
 Abil: Breathe Steam     |       |       |    53 |   155 |   164 ||   372
Evoke: Wand              |       |       |     2 |     4 |       ||     6
  Use: Scroll            |       |       |     6 |     8 |     7 ||    21
Armor: Skin              |     5 |    13 |    10 |    10 |    24 ||    62
Dodge: Dodged            |    15 |    11 |    19 |    27 |    38 ||   110
Block: Other             |       |       |     5 |     7 |    10 ||    22

Table legend: (Time is in decaauts)
 A = Elapsed time spent in this place.
 B = Non-inter-level travel time spent in this place.
 C = Inter-level travel time spent in this place.
 D = Time resting spent in this place.
 E = Time spent auto-exploring this place.
 F = Levels seen in this place.
 G = Mean time per level.
                   A        B        C        D        E       F      G
               +--------+--------+--------+--------+--------+-----+--------+
         Total |  28694 |  27830 |    864 |   1882 |  20054 |  24 | 1195.6 |
       Dungeon |  14657 |  14088 |    569 |   1165 |   9957 |  11 | 1332.5 |
        Temple |    282 |    282 |      0 |      0 |    193 |   1 |  282.0 |
          Lair |   8877 |   8686 |    191 |    606 |   6240 |   6 | 1479.5 |
  Orcish Mines |   2610 |   2509 |    101 |      3 |   1917 |   2 | 1305.0 |
   Elven Halls |   1491 |   1491 |      0 |    105 |   1202 |   2 |  745.5 |
         Sewer |    311 |    311 |      0 |      3 |    236 |   1 |  311.0 |
        Bailey |    463 |    463 |      0 |      0 |    309 |   1 |  463.0 |
               +--------+--------+--------+--------+--------+-----+--------+

Top non-repeatable levels by time:
   Orc:2: 1897 daAuts
  Lair:6: 1783 daAuts
    D:11: 1768 daAuts
    D:10: 1750 daAuts
  Lair:2: 1673 daAuts
  Lair:3: 1593 daAuts
     D:1: 1492 daAuts
     D:4: 1479 daAuts
     D:3: 1472 daAuts
     D:9: 1453 daAuts
  Lair:5: 1441 daAuts
   Elf:1: 1342 daAuts
  Lair:1: 1201 daAuts
  Lair:4: 1184 daAuts
     D:6: 1169 daAuts
